AoeStats
← Totis

Arabia

503783157Analyzed
1v1 RM · 1mo ago on Sep 2, 2026· 22m 32s· 2 players
Game mode
Random Map
Map size
Tiny (2 player)
Population
200
Speed
Normal
Resources
Standard
Victory
Conquest
Starting age
Dark Age
Ending age
Imperial Age
RankedLock teamsTeams togetherTeam positionsShared explorationLock speedFull tech treeHidden civsTurbo modeCheats
Victory
Defeat
🇮🇳 Lithuanians · India
1356
+17
🇬🇷 Khmer · Greece
1378
-17
suny619
2:40 Loom
9:37 Feudal Age
10:07 Double-Bit Axe
13:35 Town Watch
20:43 Castle Age
19:41 Fletching
19:57 Scale Barding Armor
20:08 Horse Collar
21:00 Gold Mining
22:35 Husbandry
22:48 Bloodlines
Totis
7:13 Loom
8:06 Loom
10:06 Feudal Age
13:14 Horse Collar
15:56 Double-Bit Axe
23:16 Castle Age
21:11 Gold Mining
Connection lost

Rejoining the realm…

Still unreachable

The connection could not be restored.

Session expired

The server has moved on; the page needs a fresh start.